[Event "Titled Tuesday Blitz April 25 Late 2023"]
[White "Karas, Marek"]
[Black "Ezat, Mohamed"]
[WhiteFideId "14928558"]
[BlackFideId "10600906"]
[WhiteElo "2233"]
[BlackElo "2386"]
[Result "1-0"]
[Round "07"]
[TimeControl "180+2"]
[Date "2023.04.25"]
[WhiteClock "0:00:08"]
[BlackClock "0:00:12"]

1. d4 Nf6 2. Nf3 g6 3. Nc3 d5 4. Bf4 Bg7 5. e3 O-O 6. h3 c5 7. Nb5 Nc6 8. Nc7 Rb8 9. Nb5 Ra8 10. Nc7 e5 11. dxe5 Qxc7 12. exf6 Qa5+ 13. c3 Bxf6 14. Be2 d4 15. O-O Rd8 16. cxd4 cxd4 17. exd4 Nxd4 18. Nxd4 Rxd4 19. Qc1 Be6 20. Be3 Rdd8 21. Bf3 Rac8 22. Qe1 Qxe1 23. Rfxe1 b6 24. Re2 Rc4 25. a4 Rb4 26. a5 h5 27. axb6 axb6 28. Kh2 Rd6 29. Ra8+ Kg7 30. Rc2 Bxb2 31. Rb8 Be5+ 32. g3 h4 33. Kg2 hxg3 34. fxg3 Rd3 35. Rxb6 Rxb6 36. Bxb6 Bxh3+ 37. Kxh3 Rxf3 38. Bf2 f5 39. Kg2 Rb3 40. Re2 Kf6 41. Rc2 Rd3 42. Rc6+ Kg5 43. Rc2 Kh5 44. Ra2 Rb3 45. Rc2 Rb4 46. Re2 Bd6 47. Kh3 Rb3 48. Kg2 g5 49. Rd2 Be5 50. Rd5 Bc3 51. Rxf5 Kg4 52. Rc5 Bd2 53. Rc4+ Kh5 54. g4+ Kg6 55. Rd4 Bf4 56. Ra4 Kf7 57. Ra7+ Ke6 58. Ra6+ Kd5 59. Ra5+ Ke4 60. Ra4+ Kd3 61. Rd4+ Kc2 62. Rc4+ Kd1 63. Rd4+ Ke2 64. Re4+ Kd3 65. Rd4+ Kc3 66. Rd7 Ra3 67. Rd8 Ra2 68. Kf3 Ra3 69. Ke4 Kc4 70. Rc8+ Kb5 71. Rc5+ Kb4 72. Rc8 Ra2 73. Bc5+ Kb5 74. Bd4 Ra4 75. Rc5+ Kb4 76. Rc8 Kb3 77. Kd3 Ka2 78. Rc2+ Kb3 79. Rb2+ Ka3 80. Rb7 Ra6 81. Bc5+ Ka2 82. Kc2 Be5 83. Ra7 Rxa7 84. Bxa7 Ka3 85. Kd3 Kb4 86. Ke4 Bf4 87. Kf5 Kc4 88. Bb6 Kd5 89. Bd8 Bg3 90. Bxg5 Kd6 91. Kf6 Kd7 92. Kf7 Be1 93. Bf6 Bd2 94. Kg6 Ke6 95. Bg5 Bc3 96. Bh6 Be5 97. Bg7 Bf4 98. Bf6 Bd2 99. Bh4 Bc3 100. Kh5 Be5 101. g5 Bf4 102. g6 Be5 103. Kh6 Kf5 104. Kh7 Bd4 105. Be7 Be5 106. Bf8 Ke6 107. Bg7 Bd6 108. Bd4 Bf8 109. Kg8 Bh6 110. Kh7 Bf8 111. Bc5 Bh6 112. Kxh6 Kd7 113. g7 Kc6 114. g8=Q Kxc5 115. Qe6 Kd4 116. Qf5 Ke3 117. Qg4 Kf2 118. Qh3 Kg1 119. Qf3 Kh2 120. Qg4 Kh1 121. Kg5 Kh2 122. Kf4 Kh1 123. Kf3 Kh2 124. Qg2# 1-0


[Site "https://www.chess.com"]

[Event "Titled Tuesday Blitz April 25 Late 2023"]
[White "Kubatko, Ivan"]
[Black "Banzea, Alexandru-Bogdan"]
[WhiteFideId "24111473"]
[BlackFideId "1232622"]
[WhiteElo "2285"]
[BlackElo "2294"]
[Result "1/2-1/2"]
[Round "07"]
[TimeControl "180+2"]
[Date "2023.04.25"]
[WhiteClock "0:00:05"]
[BlackClock "0:00:08"]

1. e4 c6 2. d4 d5 3. exd5 cxd5 4. c4 Nf6 5. Nc3 e6 6. Nf3 Be7 7. cxd5 exd5 8. Bd3 O-O 9. h3 Nc6 10. O-O h6 11. a3 Be6 12. b4 Rc8 13. Bb2 Re8 14. Na4 Ne4 15. Nc5 Nxc5 16. dxc5 Bf6 17. Qd2 d4 18. Be4 Bd5 19. Bxd5 Qxd5 20. Qd3 Re4 21. Rac1 a6 22. Nd2 Re6 23. Nc4 Ne5 24. Nxe5 Bxe5 25. Rfd1 Rg6 26. f3 Qe6 27. Kf1 Rd8 28. Qe4 Rd7 29. c6 bxc6 30. Re1 Bg3 31. Qxe6 Rxe6 32. Rxe6 fxe6 33. Rxc6 d3 34. Rc8+ Kf7 35. Rc1 g5 36. Rd1 Ke8 37. Bc3 Kd8 38. Be1 Bf4 39. Bd2 Bg3 40. Be1 Be5 41. Bd2 Kc7 42. Kf2 Kc6 43. g3 Kb5 44. f4 gxf4 45. gxf4 Bd4+ 46. Kf3 Kc4 47. Ke4 Kb3 48. Kxd3 Bc3+ 49. Ke2 Bxd2 50. Rxd2 Rxd2+ 51. Kxd2 Kxa3 52. Kc3 Ka4 53. Kc4 Ka3 54. Kc5 Kb3 55. h4 Kc3 56. h5 Kb3 57. b5 axb5 58. Kxb5 Kc3 59. Kc5 Kd3 60. Kd6 Ke4 61. Kxe6 Kxf4 62. Kf6 Ke4 63. Kg6 Ke5 64. Kxh6 Kf6 65. Kh7 Kf7 66. h6 Kf8 67. Kh8 Kf7 68. h7 Kf8 1/2-1/2


[Site "https://www.chess.com"]

[Event "Titled Tuesday Blitz April 25 Late 2023"]
[White "Flynn, Jacob"]
[Black "Filgueira, Hernan"]
[WhiteFideId "2509393"]
[BlackFideId "101770"]
[WhiteElo "2053"]
[BlackElo "2363"]
[Result "0-1"]
[Round "07"]
[TimeControl "180+2"]
[Date "2023.04.25"]
[WhiteClock "0:02:10"]
[BlackClock "0:02:24"]

1. d4 Nf6 2. c4 e6 3. g3 c5 4. d5 exd5 5. cxd5 d6 6. Nc3 g6 7. Bg2 Bg7 8. Nf3 O-O 9. O-O Re8 10. Nd2 a6 11. a4 Nbd7 12. Nc4 Nb6 13. Na3 Bd7 14. a5 Nc8 15. Nc4 Bb5 16. Qb3 Bxc4 17. Qxc4 Na7 18. b4 Nd7 19. Rb1 Ne5 20. Qb3 c4 21. Qc2 Nb5 22. Be3 Nxc3 0-1


[Site "https://www.chess.com"]

[Event "Titled Tuesday Blitz April 25 Late 2023"]
[White "Kovalevsky, Stanislav"]
[Black "Espinosa, Pedro"]
[WhiteFideId "13508598"]
[BlackFideId "30921066"]
[WhiteElo "2174"]
[BlackElo "2016"]
[Result "1-0"]
[Round "07"]
[TimeControl "180+2"]
[Date "2023.04.25"]
[WhiteClock "0:00:08"]
[BlackClock "0:00:16"]

1. c4 c6 2. e4 d5 3. exd5 cxd5 4. cxd5 Nf6 5. Nc3 g6 6. Bc4 Bg7 7. Nge2 O-O 8. d4 a6 9. O-O b5 10. Bb3 Bb7 11. Nf4 b4 12. Na4 h6 13. Nc5 Bxd5 14. Nxd5 Nxd5 15. Qf3 e6 16. Be3 Nc6 17. Rfd1 a5 18. Qe4 a4 19. Nxe6 fxe6 20. Qxe6+ Kh7 21. Bxd5 Ra6 22. Bc4 Rb6 23. d5 Nd4 24. Qe4 Qc7 25. Rac1 a3 26. Bxd4 Rf4 27. Bxb6 Qf7 28. Qe6 axb2 29. Qxf7 bxc1=Q 30. Rxc1 Rxf7 31. d6 Rd7 32. Bc7 Be5 33. Bb5 Rf7 34. Re1 Bc3 35. Re7 Kg7 36. Rxf7+ Kxf7 37. d7 Bf6 38. d8=Q Bxd8 39. Bxd8 Ke6 40. Ba5 Kd5 41. Bxb4 g5 42. a4 h5 43. h3 h4 44. g3 g4 45. hxg4 h3 46. Kh2 Ke4 47. Kxh3 Kf3 48. a5 Kxf2 49. a6 Kg1 50. a7 Kh1 51. a8=Q+ Kg1 52. Qg2# 1-0


[Site "https://www.chess.com"]

[Event "Titled Tuesday Blitz April 25 Late 2023"]
[White "Karttunen, Mika"]
[Black "Baltic, Fatih"]
[WhiteFideId "502081"]
[BlackFideId "12979090"]
[WhiteElo "2396"]
[BlackElo "2200"]
[Result "0-1"]
[Round "07"]
[TimeControl "180+2"]
[Date "2023.04.25"]
[WhiteClock "0:00:10"]
[BlackClock "0:00:38"]

1. c4 e5 2. Nc3 Nc6 3. Nf3 g6 4. d4 Bg7 5. d5 Nce7 6. e4 d6 7. Be3 h6 8. c5 f5 9. cxd6 cxd6 10. Be2 Nf6 11. Qa4+ Bd7 12. Qb4 Qb8 13. exf5 gxf5 14. Rd1 O-O 15. Nb5 Bxb5 16. Qxb5 Ng4 17. Bd2 Kh7 18. h3 Nf6 19. Bb4 Rd8 20. O-O a6 21. Qc4 b5 22. Qb3 a5 23. Be1 b4 24. Bc4 Qb6 25. a3 Rab8 26. axb4 axb4 27. Bd2 Nd7 28. Be3 Nc5 29. Qc2 b3 30. Qb1 Qb4 31. Rc1 Rbc8 32. Bd2 Qb7 33. Rfe1 e4 34. Nh2 Nxd5 35. f3 Nf6 36. Bc3 d5 37. Bxf6 Bxf6 38. Bf1 Qg7 39. g4 Bxb2 40. Rcd1 Be5 41. Kh1 Bxh2 42. Kxh2 b2 43. Re2 Na4 44. Qa2 Nc3 45. Qxb2 Nxd1 46. Qxg7+ Kxg7 0-1


[Site "https://www.chess.com"]

[Event "Titled Tuesday Blitz April 25 Late 2023"]
[White "Przybylski, Wojciech"]
[Black "Tsyhanchuk, Stanislav"]
[WhiteFideId "1117599"]
[BlackFideId "13505130"]
[WhiteElo "2222"]
[BlackElo "2173"]
[Result "0-1"]
[Round "07"]
[TimeControl "180+2"]
[Date "2023.04.25"]
[WhiteClock "0:00:07"]
[BlackClock "0:00:21"]

1. e4 c5 2. Nf3 d6 3. d4 cxd4 4. Nxd4 Nf6 5. Nc3 a6 6. Be3 e5 7. Nb3 Be6 8. f3 Nbd7 9. Qd2 b5 10. O-O-O Nb6 11. Kb1 Nc4 12. Bxc4 bxc4 13. Nc1 Be7 14. N1e2 O-O 15. Nd5 Bxd5 16. exd5 a5 17. Qc3 Qc7 18. g4 a4 19. a3 e4 20. fxe4 Nxe4 21. Qd4 Nf6 22. Nc3 Nd7 23. g5 Ne5 24. Rdf1 Qb7 25. h4 Rfb8 26. Bc1 Bf8 27. h5 Be7 28. Ne4 Rc8 29. Nc3 Rab8 30. Rhg1 Bd8 31. Qe4 Ba5 32. Rg3 Bxc3 33. Rxc3 Rc5 34. g6 Rb5 35. b4 cxb3 36. gxf7+ Nxf7 37. h6 bxc2+ 38. Kxc2 Rxd5 39. Qb4 Rb5 40. Qxa4 Qg2+ 41. Bd2 Qxf1 42. Rc7 Qb1+ 43. Kc3 Qb3+ 44. Qxb3 Rxb3+ 45. Kc4 Ne5+ 46. Kd5 Rd3+ 47. Ke6 Rxd2 48. Rxg7+ Kh8 49. Rb7 Rxb7 50. Kf6 Ng4+ 51. Ke6 Nxh6 52. Kf6 d5 53. Ke6 d4 54. Kd5 d3 55. Kc4 Rd1 56. Kc3 Rbb1 57. Kd4 d2 58. Kc3 Ra1 59. Kb2 Rdc1 60. Kb3 d1=Q+ 61. Kb4 Qc2 62. Ka5 Qb2 63. Ka4 Rxa3# 0-1


[Site "https://www.chess.com"]

[Event "Titled Tuesday Blitz April 25 Late 2023"]
[White "Indjic, Aleksandar"]
[Black "Arencibia Monduy, Antonio"]
[WhiteFideId "911925"]
[BlackFideId "3507939"]
[WhiteElo "2614"]
[BlackElo "2122"]
[Result "1-0"]
[Round "07"]
[TimeControl "180+2"]
[Date "2023.04.25"]
[WhiteClock "0:01:47"]
[BlackClock "0:00:51"]

1. e4 e6 2. d4 d5 3. Nc3 dxe4 4. Nxe4 Nd7 5. Nf3 Ngf6 6. Bg5 Be7 7. Nxf6+ Nxf6 8. Bd3 O-O 9. Qe2 c5 10. dxc5 Qa5+ 11. c3 Qxc5 12. O-O Bd7 13. Ne5 Bc6 14. Bh4 Rfe8 15. Rfe1 Qd5 16. Nxc6 Qxc6 17. Bb5 Qb6 18. Bxf6 Bxf6 19. Bxe8 Rxe8 20. Rad1 g6 21. Rd7 Rd8 22. Red1 Rxd7 23. Rxd7 Qc6 24. Qd3 Kg7 25. g3 h5 26. h4 a5 27. Qd6 Qe4 28. Qc7 Qe1+ 29. Kg2 Qe4+ 30. Kh2 Be5 31. Rxf7+ Kg8 32. Qe7 Bxg3+ 33. fxg3 Qe2+ 34. Kh3 Qg4+ 35. Kg2 Qe4+ 36. Rf3 Qe2+ 37. Rf2 Qe4+ 38. Kh2 1-0


[Site "https://www.chess.com"]

[Event "Titled Tuesday Blitz April 25 Late 2023"]
[White "Mikhalsky, Vladimir"]
[Black "Sabuk, Piotr"]
[WhiteFideId "14144352"]
[BlackFideId "1137565"]
[WhiteElo "2236"]
[BlackElo "2298"]
[Result "0-1"]
[Round "07"]
[TimeControl "180+2"]
[Date "2023.04.25"]
[WhiteClock "0:01:32"]
[BlackClock "0:00:50"]

1. e4 c6 2. d4 d5 3. exd5 cxd5 4. Bd3 Nc6 5. c3 Nf6 6. Nf3 Bg4 7. h3 Bxf3 8. Qxf3 e6 9. O-O Bd6 10. Bg5 h6 11. Bxf6 Qxf6 12. Qxf6 gxf6 13. g3 Kd7 14. Kg2 f5 15. f4 Rhg8 16. Kf3 Rg7 17. Nd2 Rag8 18. Rg1 Ne7 19. Kf2 a6 20. Nf3 f6 21. Nh4 Nc6 22. Rg2 Rb8 23. Kf3 b5 24. a3 a5 25. g4 fxg4+ 26. hxg4 b4 27. axb4 axb4 28. Ng6 bxc3 29. bxc3 Rb3 30. Rc2 Rxg6 31. Bxg6 Nxd4+ 32. Ke3 Nxc2+ 33. Bxc2 Rxc3+ 34. Bd3 Bxf4+ 35. Kxf4 Rxd3 36. Ra7+ Kd6 37. Ra6+ Ke7 38. Ra7+ Kf8 39. Rh7 Rh3 40. Rd7 h5 41. g5 Rh4+ 42. Kg3 fxg5 43. Rh7 d4 0-1


[Site "https://www.chess.com"]

[Event "Titled Tuesday Blitz April 25 Late 2023"]
[White "Kucuksari, Kaan"]
[Black "Womacka, Mathias"]
[WhiteFideId "6380166"]
[BlackFideId "4611390"]
[WhiteElo "2364"]
[BlackElo "2377"]
[Result "1-0"]
[Round "07"]
[TimeControl "180+2"]
[Date "2023.04.25"]
[WhiteClock "0:00:55"]
[BlackClock "0:00:37"]

1. e4 c5 2. Nf3 d6 3. d4 cxd4 4. Nxd4 Nf6 5. Nc3 a6 6. Be2 e5 7. Nb3 Be7 8. O-O O-O 9. a4 Nc6 10. a5 Be6 11. Be3 Bxb3 12. Bb6 Bxc2 13. Qxc2 Qd7 14. Rfd1 Rac8 15. Qb3 g6 16. h3 Kg7 17. Ra4 h5 18. Nd5 Nxd5 19. exd5 Nb8 20. Bxh5 gxh5 21. Qg3+ Kh7 22. Qf3 Qxa4 23. Qxh5+ Kg7 24. Rd3 Rh8 25. Rg3+ Kf6 26. Qg5# 1-0


[Site "https://www.chess.com"]

[Event "Titled Tuesday Blitz April 25 Late 2023"]
[White "Lewicki, Miroslaw"]
[Black "Yeritsyan, Hayk"]
[WhiteFideId "1113380"]
[BlackFideId "13307320"]
[WhiteElo "2212"]
[BlackElo "2241"]
[Result "1-0"]
[Round "07"]
[TimeControl "180+2"]
[Date "2023.04.25"]
[WhiteClock "0:02:18"]
[BlackClock "0:01:12"]

1. b3 d5 2. Bb2 Nf6 3. Nf3 Bf5 4. g3 e6 5. Bg2 h6 6. O-O c6 7. d4 Be7 8. Nbd2 O-O 9. Re1 Bh7 10. c4 Na6 11. Ne5 Rc8 12. a3 Nb8 13. e4 Nbd7 14. Nxd7 Qxd7 15. e5 Ne8 16. Qg4 Bf5 17. Qh5 Bg6 18. Qf3 Nc7 19. Rad1 Rfd8 20. h4 a5 21. h5 Bh7 22. g4 Bg5 23. Qg3 Bc2 24. f4 Bxd1 25. fxg5 Bc2 26. gxh6 g6 27. Qc3 Be4 28. Bxe4 dxe4 29. Nxe4 Ne8 30. Rf1 Qe7 31. Bc1 Qh4 32. Qf3 Rxd4 33. Qxf7+ Kh8 34. Qf8+ Kh7 35. Rf7+ Ng7 36. Qxg7# 1-0


[Site "https://www.chess.com"]

[Event "Titled Tuesday Blitz April 25 Late 2023"]
[White "Le Goff, Ronan"]
[Black "Korchmar, Vasiliy"]
[WhiteFideId "612073"]
[BlackFideId "24131750"]
[WhiteElo "2275"]
[BlackElo "2370"]
[Result "1-0"]
[Round "07"]
[TimeControl "180+2"]
[Date "2023.04.25"]
[WhiteClock "0:00:57"]
[BlackClock "0:00:02"]

1. Nf3 d5 2. c4 c6 3. d4 Nf6 4. Nc3 e6 5. e3 Nbd7 6. Qc2 Bd6 7. b3 O-O 8. Bd3 e5 9. cxd5 cxd5 10. dxe5 Nxe5 11. Be2 Bg4 12. Bb2 Rc8 13. Rd1 Ne4 14. Nxe5 Bxe5 15. Bxg4 Bxc3+ 16. Bxc3 Rxc3 17. Qb2 Rxe3+ 18. fxe3 Qh4+ 19. g3 Qxg4 20. O-O Qg5 21. Rf4 h5 22. Qd4 Qg6 23. Qxd5 Nc3 24. Qd2 Nxd1 25. Qxd1 Rc8 26. Rd4 Rc2 27. Rd8+ Kh7 28. Rd6 f6 29. Rd5 Kg8 30. Rxh5 Rc8 31. Qd5+ Qf7 32. Rh8+ 1-0


[Site "https://www.chess.com"]

[Event "Titled Tuesday Blitz April 25 Late 2023"]
[White "Shapiro, Viktor"]
[Black "Adewumi, Tanitoluwa"]
[WhiteFideId "4175700"]
[BlackFideId "30966396"]
[WhiteElo "2152"]
[BlackElo "2283"]
[Result "1-0"]
[Round "07"]
[TimeControl "180+2"]
[Date "2023.04.25"]
[WhiteClock "0:00:15"]
[BlackClock "0:00:03"]

1. c4 e5 2. Nc3 Nc6 3. g3 Nf6 4. Bg2 g6 5. e3 Bg7 6. Nge2 d6 7. O-O O-O 8. d4 exd4 9. exd4 Re8 10. h3 Ne7 11. g4 c6 12. Ng3 d5 13. g5 Nh5 14. Nxh5 gxh5 15. cxd5 cxd5 16. Qxh5 Bxd4 17. Be3 Bg7 18. Rad1 Be6 19. Be4 Ng6 20. Bxd5 Qc8 21. Bxe6 Qxe6 22. Nd5 Rac8 23. Bd4 Qxd5 24. Bxg7 Qe4 25. Rd4 Nf4 26. Rxe4 Nxh5 27. Rxe8+ Rxe8 28. Bc3 Nf4 29. Kh2 Re2 30. Kg3 Nd5 31. Bd4 b6 32. Rc1 h6 33. Rc8+ Kh7 34. Rh8+ Kg6 35. Rg8+ Kh5 36. gxh6 Kxh6 37. Ra8 Rd2 38. Be5 f6 39. Bd6 Rxb2 40. Rxa7 Kg6 41. a4 Nc3 42. Bf8 Ne4+ 43. Kf3 Ng5+ 44. Kg2 Rb3 45. h4 Ne6 46. Bd6 Kh5 47. Bg3 Kg4 48. Re7 Nd4 49. Re4+ Kh5 50. Rxd4 Rb4 51. Rxb4 1-0


[Site "https://www.chess.com"]

[Event "Titled Tuesday Blitz April 25 Late 2023"]
[White "O`Gorman, Tom"]
[Black "Jovic, Stanoje"]
[WhiteFideId "2508249"]
[BlackFideId "905020"]
[WhiteElo "2271"]
[BlackElo "2236"]
[Result "1/2-1/2"]
[Round "07"]
[TimeControl "180+2"]
[Date "2023.04.25"]
[WhiteClock "0:00:20"]
[BlackClock "0:00:38"]

1. e4 c6 2. Nf3 d5 3. d3 dxe4 4. dxe4 Qxd1+ 5. Kxd1 Bg4 6. Be2 Bxf3 7. Bxf3 h5 8. Be2 g6 9. c3 Bh6 10. Nd2 Nd7 11. Kc2 O-O-O 12. a4 Ngf6 13. f3 Nc5 14. b4 Ne6 15. a5 h4 16. Bc4 Bf4 17. Nb3 Bxc1 18. Bxe6+ fxe6 19. Raxc1 Nh5 20. Nd4 e5 21. Ne2 Nf4 22. Nxf4 exf4 23. Rcd1 h3 24. Rxd8+ Kxd8 25. g3 fxg3 26. hxg3 g5 27. Kd3 e5 28. Ke3 Ke7 29. Kf2 Kf6 30. g4 Kg6 31. Kg3 Rd8 32. Rxh3 Rd3 33. Rh8 Rxc3 34. Rg8+ Kf6 35. Rf8+ Ke6 36. Rf5 Rb3 37. Rxg5 Rxb4 38. Rg6+ Kf7 39. Rh6 c5 40. a6 bxa6 41. Rxa6 Rb7 42. Rc6 a5 43. Rxc5 Ra7 44. Rxe5 a4 45. Rc5 a3 46. Rc1 a2 47. Ra1 Ke6 48. Kf4 Ra8 49. g5 Rf8+ 50. Kg4 Ra8 51. f4 Ra4 52. e5 Ra8 53. g6 Ra3 54. g7 Kf7 55. Kf5 Kxg7 56. Ke6 Ra6+ 57. Kd5 Kg6 58. e6 Kf6 59. f5 Ra5+ 60. Kd6 Ra6+ 61. Kd7 Ra7+ 62. Kd8 Ra8+ 63. Kc7 Kxf5 64. e7 Ra7+ 65. Kd8 Ra8+ 66. Kd7 Ra7+ 67. Kd6 Ra6+ 68. Kd7 Ra7+ 69. Kd6 Ra6+ 70. Kd7 Ra7+ 1/2-1/2


[Site "https://www.chess.com"]

[Event "Titled Tuesday Blitz April 25 Late 2023"]
[White "Chernobay, Artem"]
[Black "ArtemDyachuk"]
[WhiteFideId "4167406"]
[WhiteElo "2474"]
[BlackElo "2440"]
[Result "1-0"]
[Round "07"]
[TimeControl "180+2"]
[Date "2023.04.25"]
[WhiteClock "0:00:21"]
[BlackClock "0:00:02"]

1. e4 c6 2. d4 d5 3. e5 c5 4. dxc5 e6 5. a3 Bxc5 6. b4 Bb6 7. Nf3 f6 8. Bd3 Nc6 9. Bb2 fxe5 10. Nxe5 Bxf2+ 11. Kxf2 Qf6+ 12. Kg1 Nxe5 13. Qh5+ Qf7 14. Qxe5 Nf6 15. Nd2 O-O 16. Rf1 Bd7 17. h3 Qe7 18. Nf3 a5 19. b5 Rac8 20. Nd4 Rce8 21. Rf3 a4 22. Kh2 Rf7 23. Re1 Ref8 24. Nxe6 Re8 25. Ng5 Qf8 26. Qg3 Rxe1 27. Qxe1 Re7 28. Qh4 d4 29. Bxh7+ Kh8 30. Bg6+ Kg8 31. Qh7+ 1-0


[Site "https://www.chess.com"]

[Event "Titled Tuesday Blitz April 25 Late 2023"]
[White "Rangel, Daniel"]
[Black "Ibadov, Dashgyn"]
[WhiteFideId "2124475"]
[BlackFideId "24107514"]
[WhiteElo "2256"]
[BlackElo "2208"]
[Result "1-0"]
[Round "07"]
[TimeControl "180+2"]
[Date "2023.04.25"]
[WhiteClock "0:00:08"]
[BlackClock "0:00:01"]

1. c4 Nf6 2. Nc3 c5 3. g3 e6 4. d4 cxd4 5. Qxd4 Nc6 6. Qd1 d5 7. cxd5 exd5 8. Bg2 Bb4 9. Bd2 d4 10. Ne4 Bxd2+ 11. Qxd2 O-O 12. Nxf6+ Qxf6 13. Nf3 Bf5 14. O-O Rad8 15. Rad1 Rfe8 16. Rfe1 h6 17. a3 Be4 18. Qf4 Qxf4 19. gxf4 f6 20. Rd2 b6 21. Red1 d3 22. exd3 Bxf3 23. Bxf3 Nd4 24. Bg2 Ne2+ 25. Kf1 Nxf4 26. Bc6 Re6 27. Bb5 Red6 28. d4 Kf8 29. Bc4 Nd5 30. Re1 Rc8 31. b3 Ne7 32. Rde2 Rc7 33. a4 g5 34. d5 h5 35. Re6 Rcd7 36. Kg2 h4 37. Kf3 Ng6 38. Kg4 Ne5+ 39. Kf5 Kf7 40. f4 gxf4 41. Rf1 Ng6 42. Rxd6 Rxd6 43. Rg1 Ne7+ 44. Kxf4 Nxd5+ 45. Ke4 f5+ 46. Ke5 Re6+ 47. Kxd5 Kf6 48. Kd4 Re4+ 49. Kc3 Re3+ 50. Kb4 Rh3 51. Rg2 f4 52. Rf2 Ke5 53. Kb5 f3 54. Ka6 Kd4 55. Kxa7 Ke3 56. Rf1 Rxh2 57. Kxb6 f2 58. a5 Rg2 59. a6 h3 60. a7 Rg6+ 61. Kc5 Rg5+ 62. Bd5 h2 63. a8=Q 1-0


[Site "https://www.chess.com"]

[Event "Titled Tuesday Blitz April 25 Late 2023"]
[White "Sliwicki, Damian"]
[Black "Janaszak, Dawid"]
[WhiteFideId "1127128"]
[BlackFideId "1119206"]
[WhiteElo "2030"]
[BlackElo "2220"]
[Result "0-1"]
[Round "07"]
[TimeControl "180+2"]
[Date "2023.04.25"]
[WhiteClock "0:00:31"]
[BlackClock "0:01:20"]

1. e4 c5 2. Nf3 Nc6 3. Bb5 e5 4. O-O Nge7 5. Re1 g6 6. Nc3 Bg7 7. Nd5 O-O 8. Bf1 d6 9. d3 Nxd5 10. exd5 Ne7 11. c4 Bg4 12. h3 Bxf3 13. Qxf3 Nf5 14. Be3 Rb8 15. b4 e4 16. dxe4 Nxe3 17. Qxe3 Bxa1 18. Rxa1 Qf6 19. Rb1 b6 20. b5 Rfe8 21. f3 h5 22. Rb3 Ra8 23. f4 a6 24. bxa6 Rxa6 25. a3 Qa1 26. f5 Qf6 27. fxg6 fxg6 28. Qf3 Kg7 29. Qe2 Qd4+ 30. Kh1 Rxe4 31. Qf3 Rf4 32. Qg3 Rxf1+ 33. Kh2 Qg1# 0-1


[Site "https://www.chess.com"]

[Event "Titled Tuesday Blitz April 25 Late 2023"]
[White "Zeynalli, Rashad"]
[Black "Deviprasath, Sharvesh"]
[WhiteFideId "13403320"]
[BlackFideId "30938228"]
[WhiteElo "2125"]
[BlackElo "2168"]
[Result "0-1"]
[Round "07"]
[TimeControl "180+2"]
[Date "2023.04.25"]
[WhiteClock "0:00:28"]
[BlackClock "0:01:20"]

1. d4 Nf6 2. Bf4 e6 3. e3 c5 4. Nf3 Nc6 5. Nbd2 h6 6. h3 d5 7. c3 Bd6 8. Ne5 Qc7 9. Ndf3 O-O 10. Bd3 c4 11. Bc2 Ne7 12. a4 b6 13. g4 Ne4 14. Bxe4 dxe4 15. Nd2 f6 16. Nexc4 Bxf4 17. exf4 Nd5 18. Ne3 Nxf4 19. Nxe4 Bb7 20. Qc2 f5 21. Ng3 Bxh1 22. Nxh1 Qc6 23. O-O-O fxg4 24. hxg4 Nd5 25. Ng3 Nxe3 26. fxe3 Qf3 27. Nf1 Qxg4 28. e4 Rf4 29. d5 Rxe4 30. d6 Rd8 31. Nh2 Qf4+ 32. Kb1 Rxa4 33. Rf1 Qe4 0-1


[Site "https://www.chess.com"]

[Event "Titled Tuesday Blitz April 25 Late 2023"]
[White "Bashkansky, Ethan"]
[Black "Fiorito, Francisco"]
[WhiteFideId "2071533"]
[BlackFideId "180165"]
[WhiteElo "2101"]
[BlackElo "2341"]
[Result "1-0"]
[Round "07"]
[TimeControl "180+2"]
[Date "2023.04.25"]
[WhiteClock "0:00:05"]
[BlackClock "0:00:05"]

1. d4 Nf6 2. c4 b6 3. a3 Bb7 4. d5 e5 5. Nc3 a5 6. g3 Bc5 7. Bg2 O-O 8. Nh3 Na6 9. O-O h6 10. Bd2 Re8 11. Na4 Bf8 12. Bc3 Nc5 13. Nxc5 bxc5 14. Kh1 d6 15. e4 Qd7 16. Qd2 a4 17. Rae1 Ba6 18. Qd3 g6 19. f4 Bg7 20. fxe5 Ng4 21. e6 fxe6 22. e5 Nxe5 23. Bxe5 dxe5 24. Qxg6 Bxc4 25. dxe6 Rxe6 26. Qe4 Bxf1 27. Qxa8+ Re8 28. Qd5+ Qxd5 29. Bxd5+ Kh7 30. Rxf1 e4 31. Rf2 e3 32. Re2 Rb8 33. Bc6 Bxb2 34. Bxa4 Bd4 35. Bc2+ Kg7 36. Nf4 Kf6 37. Nd5+ Ke5 38. Nxc7 c4 39. a4 c3 40. Nb5 Ra8 41. Nxd4 Kxd4 42. Kg2 Rb8 43. Kf3 Rf8+ 44. Kg2 Ra8 45. h3 Ra7 46. g4 Ra8 47. Kh2 Rf8 48. Kg3 Ra8 49. Rg2 Re8 50. Kf3 Ra8 51. Ke2 Ra5 52. Rg3 Re5 53. Rf3 Re7 54. Rf4+ Kd5 55. Rf3 Kd4 56. h4 Rb7 57. Rf4+ Kd5 58. Kxe3 Rb2 59. Kd3 Ke5 60. Rf5+ Ke6 61. Rh5 Kf6 62. Rxh6+ Ke5 63. Rh5+ Kf4 64. g5 Kg4 65. Rh6 Rb7 66. a5 Ra7 67. a6 Kf4 68. Kxc3 Ke3 69. Ba4 Kf4 70. Bc6 Rxa6 71. Kd4 Kg4 72. Kd5 Ra5+ 73. Kd6 Ra1 74. g6 Rd1+ 75. Bd5 Kf5 76. g7 Ra1 77. g8=Q Ra6+ 78. Kc5 Rxh6 79. Qg5# 1-0


[Site "https://www.chess.com"]

[Event "Titled Tuesday Blitz April 25 Late 2023"]
[White "Harriott, Tyrell"]
[Black "Bustamante Orta, Jorge"]
[WhiteFideId "2086484"]
[BlackFideId "5121710"]
[WhiteElo "2107"]
[BlackElo "2165"]
[Result "1-0"]
[Round "07"]
[TimeControl "180+2"]
[Date "2023.04.25"]
[WhiteClock "0:00:15"]
[BlackClock "0:00:01"]

1. d4 Nf6 2. e3 e6 3. Bd3 c5 4. f4 Nc6 5. c3 b6 6. Nf3 Bb7 7. O-O d5 8. Nbd2 Bd6 9. Ne5 O-O 10. Qf3 Ne7 11. g4 Rc8 12. Rf2 a6 13. h4 b5 14. g5 Ne4 15. Nxe4 dxe4 16. Bxe4 Bxe4 17. Qxe4 Nf5 18. Qf3 f6 19. gxf6 gxf6 20. Rg2+ Kh8 21. Ng6+ hxg6 22. Rxg6 Rc7 23. e4 Nxh4 24. Rh6+ Rh7 25. Qh5 Rg8+ 26. Kf1 Qc7 27. Qxh4 cxd4 28. Qxf6+ Rg7 29. b3 Rxh6 30. Qxh6+ Kg8 31. e5 Bf8 32. Qxe6+ Qf7 33. Qxf7+ Kxf7 34. cxd4 Ke6 35. Be3 Kd5 36. Ke2 Ke4 37. Rf1 Rc7 38. f5 Rc2+ 39. Kd1 Rxa2 40. Bc1 1-0


[Site "https://www.chess.com"]

[Event "Titled Tuesday Blitz April 25 Late 2023"]
[White "Tymrakiewicz, Rafal"]
[Black "Liu, Eric"]
[WhiteFideId "1108832"]
[BlackFideId "30960240"]
[WhiteElo "2151"]
[BlackElo "2094"]
[Result "1-0"]
[Round "07"]
[TimeControl "180+2"]
[Date "2023.04.25"]
[WhiteClock "0:00:08"]
[BlackClock "0:00:45"]

1. e4 b6 2. d4 Bb7 3. Nd2 e6 4. Bd3 h5 5. f4 h4 6. Ngf3 h3 7. g3 d6 8. Qe2 c5 9. d5 Nd7 10. c4 e5 11. f5 Be7 12. Nf1 Ngf6 13. Rg1 Nh7 14. g4 Ng5 15. N1d2 Nf8 16. b3 a6 17. Bb2 Bc8 18. Qe3 Nfh7 19. Rg3 Bd7 20. Ke2 b5 21. Rd1 Bf6 22. Nf1 Ke7 23. Bc1 Ke8 24. Qf2 b4 25. N1d2 a5 26. Bc2 a4 27. Nxg5 Nxg5 28. Nf3 axb3 29. axb3 Ra2 30. Kd3 Nxf3 31. Qxf3 Bg5 32. Bxg5 Qxg5 33. Qe3 f6 34. Qxg5 fxg5 35. Rgg1 Ke7 36. Ra1 Rha8 37. Rxa2 Rxa2 38. Rg3 Ba4 39. Kd2 Be8 40. Rxh3 Ra1 41. Rh7 Kf6 42. h4 gxh4 43. Rxh4 Rg1 44. Bd1 Rg2+ 45. Be2 Rg3 46. Bd1 Rg2+ 47. Be2 Bf7 48. Rh8 Rg3 49. Bd1 g6 50. Rd8 Ke7 51. Rb8 gxf5 52. exf5 e4 53. Rb7+ Kf6 54. Rb6 Ke5 55. Rb7 Bg8 56. Rg7 Bxd5 57. cxd5 Kxd5 58. f6 e3+ 59. Kd3 Ke6 60. g5 d5 61. Re7+ Kd6 62. Rxe3 c4+ 63. bxc4 dxc4+ 64. Kd4 Rg4+ 65. Bxg4 1-0


[Site "https://www.chess.com"]

[Event "Titled Tuesday Blitz April 25 Late 2023"]
[White "Gonzalez, Francisco Silva"]
[Black "Bilan, Danila"]
[WhiteFideId "1512285"]
[BlackFideId "24161918"]
[WhiteElo "2074"]
[BlackElo "2182"]
[Result "1-0"]
[Round "07"]
[TimeControl "180+2"]
[Date "2023.04.25"]
[WhiteClock "0:00:25"]
[BlackClock "0:00:05"]

1. d4 d5 2. c4 c6 3. Nc3 Nf6 4. e3 e6 5. Nf3 Nbd7 6. Bd3 Bd6 7. O-O O-O 8. e4 dxe4 9. Nxe4 Nxe4 10. Bxe4 h6 11. c5 Be7 12. Be3 Nf6 13. Bd3 b6 14. b4 Nd5 15. a3 Nxe3 16. fxe3 Bf6 17. Rc1 a5 18. Qe2 axb4 19. axb4 bxc5 20. bxc5 Re8 21. Bc4 Ra7 22. Kh1 e5 23. Rcd1 exd4 24. Nxd4 Bxd4 25. Rxd4 Qg5 26. Qf3 Rf8 27. Rd6 Qxc5 28. Rxc6 Qg5 29. Rb6 Re7 30. Rb8 Qxe3 31. Qxe3 Rxe3 32. Bxf7+ Kh8 33. Kg1 Re7 34. Bd5 Rxf1+ 35. Kxf1 Rc7 36. Be6 Rc1+ 37. Kf2 Rc2+ 38. Ke3 Rc3+ 39. Kd4 1-0


[Site "https://www.chess.com"]